 Dungeon Crawl Stone Soup version 0.14-a0-663-gfc8c466 (webtiles) character file.

90198 4tharraofdagon the Unseen (level 15, -32/72 HPs)
             Began as a Spriggan Enchanter on Nov 6, 2013.
             Was a High Priest of Ashenzari.
             Annihilated by an enormous slime creature (85 damage)
             ... on Level 5 of the Swamp.
             The game lasted 01:47:11 (12074 turns).

4tharraofdagon the Unseen (Spriggan Enchanter)     Turns: 12074, Time: 01:47:11

HP -32/72        AC  5     Str 15      XL: 15   Next: 50%
MP  10/31        EV 35     Int 18      God: Ashenzari [*****.]
Gold 412         SH  0     Dex 22      Spells:  9 memorised,  4 levels left

Res.Fire  : . . .   See Invis. : +   j - +4,+5 dagger (vamp) (curse)
Res.Cold  : . . .   Warding    : .   B - +2 robe {MR+}
Life Prot.: . . .   Conserve   : .   (shield restricted)
Res.Poison: .       Res.Corr.  : .   (helmet restricted)
Res.Elec. : .       Clarity    : +   c - +0 cloak
Sust.Abil.: . .     Spirit.Shd : .   (gloves unavailable)
Res.Mut.  : .       Stasis     : .   (boots unavailable)
Res.Rott. : .       Flight     : .   P - amulet of clarity
Saprovore : . . .                    f - +1 ring of strength
                                     t - cursed ring of regeneration

@: mighty, agile, very slightly contaminated, very quick, extremely resistant to
hostile enchantments, incredibly stealthy
A: unfitting armour, see invisible, clarity, herbivore 3, speed 3, -10% mp, slow
metabolism 2
a: Scrying, Transfer Knowledge, Renounce Religion


You were on level 5 of the Swamp.
You worshipped Ashenzari.
Ashenzari was extremely pleased with you.
You were very full.

You visited 5 branches of the dungeon, and saw 32 of its levels.
You also visited: Ice Cave.

You collected 1956 gold pieces.
You spent 1544 gold pieces at shops.

Inventory:

Hand weapons
 j - a cursed +4,+5 vampiric dagger (weapon)
 F - a cursed +3,+3 elven short sword of distortion
 Q - a +1,+4 dagger of holy wrath
Missiles
 d - 11 darts (quivered)
Armour
 c - a +0 cloak (worn)
 w - a +0 cloak
 B - a +2 robe of magic resistance (worn)
Magical devices
 r - a wand of confusion (7)
 M - a wand of lightning (8)
Comestibles
 a - 4 honeycombs
 q - 7 bread rations
Scrolls
 h - 2 scrolls of noise
 i - 6 scrolls of blinking
 k - 2 scrolls of curse weapon
 n - 3 scrolls of vulnerability
 o - 5 scrolls of remove curse
 v - a scroll of enchant weapon II
 y - 3 scrolls of recharging
 E - a scroll of amnesia
 G - 2 scrolls of enchant armour
 R - 3 scrolls of summoning
 S - 2 scrolls of curse armour
 U - 2 scrolls of fog
 Y - a scroll of curse jewellery
Jewellery
 f - a +1 ring of strength (right hand)
 l - an uncursed ring of positive energy
 t - a cursed ring of regeneration (left hand)
 u - an uncursed ring of protection from fire
 x - an uncursed ring of poison resistance
 z - an uncursed ring of teleport control
 A - an uncursed ring of sustain abilities
 H - an uncursed ring of wizardry
 I - an uncursed ring of protection from magic
 L - an uncursed ring of fire
 N - an uncursed ring of ice
 P - an amulet of clarity (around neck)
 V - an uncursed amulet of conservation {unknown}
Potions
 b - 4 potions of might
 e - 4 potions of porridge
 g - 2 potions of agility
 m - 2 potions of speed
 p - 7 potions of curing
 C - 2 potions of magic
 D - a potion of berserk rage
 O - 4 potions of paralysis {unknown}
 T - a potion of cure mutation
 W - a potion of heal wounds
Books
 s - a book of Unlife

   Spells                             Type                      Level
   Recall                             Summoning/Translocation      3
   Animate Dead                       Necromancy                   4
   Control Undead                     Necromancy                   4
   Twisted Resurrection               Necromancy                   5
   Death Channel                      Necromancy                   6
   Simulacrum                         Ice/Necromancy               6
 X - a book of Enchantments

   Spells                             Type                      Level
   Cause Fear                         Hexes                        4
   *Silence                           Hexes/Air                    5
   Tukima's Dance                     Hexes                        5
   Deflect Missiles                   Charms/Air                   6
   *Haste                             Charms                       6
   Discord                            Hexes                        8


   Skills:
 + Level 7.4 Fighting
 - Level 13.7(17.2) Short Blades
 - Level 1.1 Throwing
 - Level 11.3 Dodging
 - Level 17.4 Stealth
 - Level 10.0 Spellcasting
 - Level 15.7 Hexes
 * Level 7.7 Charms
 - Level 3.1 Evocations


You had 4 spell levels left.
You knew the following spells:

 Your Spells              Type           Power        Failure   Level  Hunger
a - Corona                Hex            ######.      0%          1    None
b - Ensorcelled Hibernat  Hex/Ice        #####.       1%          2    None
c - Confuse               Hex            ######..     1%          3    None
d - Invisibility          Hex            ######..     1%          6    ######.
e - Cure Poison           Pois           #.........   12%         2    None
f - Mephitic Cloud        Conj/Pois/Air  #.......     24%         3    None
g - Sure Blade            Hex/Chrm       ######....   1%          2    None
h - Silence               Hex/Air        #####.....   12%         5    ####...
i - Haste                 Chrm           #####...     58%         6    ######.


Dungeon Overview and Level Annotations

Branches:
Dungeon (14/27)            Temple (1/1) D:5             Orc (4/4) D:10
    Elf (0/3) Orc:4          Lair (8/8) D:10          Swamp (5/5) Lair:4
  Slime (0/6) Lair:7
 Spider: Lair:3-6

Altars:
Ashenzari
Cheibriados
Elyvilon
Fedhas
Makhleb
Okawaru
Zin
Beogh
Jiyva

Shops:
D:7 [   Orc:4 =*+%

Portals:
Ziggurat: D:4 (3520 gp) D:12 (3710 gp)
Trove: D:12 (give 16 potions of curing)

Annotations:
D:4 Edmund, Eustachio, Sigmund
D:13 Impy's ghost, powerful DsGl
Lair:6 Zuul's ghost, powerful DsIE
Swamp:4 exclusion: Roxanne, Norris; Roxanne
Swamp:5 Agnes; Kirke


Innate Abilities, Weirdness & Mutations

You are tiny and cannot use many weapons and most armour.
You have supernaturally acute eyesight.
You are a herbivore.
You cover ground extremely quickly.
You need consume almost no food.
You possess an exceptional clarity of mind.
Your magical capacity is low (-10% MP).


Message History

You hear an angry buzzing noise.
You hit the enormous slime creature.
You feel better.
The enormous slime creature is moderately wounded.
The enormous slime creature completely misses you.
A spiny frog and Kirke come into view.
You slash the enormous slime creature!
You feel better.
The enormous slime creature is heavily wounded.
The hog moves out of view.
The large slime creature misses you.
You hit the enormous slime creature.
You feel better.
The enormous slime creature is heavily wounded.
The enormous slime creature completely misses you.
You slash the enormous slime creature!
The enormous slime creature is heavily wounded.
The large slime creature completely misses you.
You puncture the enormous slime creature!
You feel better.
The enormous slime creature is heavily wounded.
The enormous slime creature hits you!
Ouch! That really hurt!
You die...

*** ** * , * ,
≈ ≈ *≈ ≈≈ ,,≈
≈ ≈≈≈.♣♣♣♣♣♣♣♣
≈≈ ≈
≈≈≈F@hhhJ@♣ ≈≈
,≈≈≈≈≈h♣♣≈≈♣J♣
≈≈* ≈ ≈≈
,♣≈≈≈≈≈♣ , ≈
≈≈≈≈≈≈≈≈≈≈♣*
*, ≈≈.≈≈≈≈≈≈≈*
≈ ≈,,≈
≈.♣≈≈≈≈≈♣ ≈
≈≈* ≈ .?♣≈≈≈♣♣
. * .♣♣♣♣*
≈♣** * ,


You could see Kirke, an enormous slime creature, a large slime creature, a spiny
frog and 4 hogs.

Vanquished Creatures
  An orc warlord (Orc:4)
  A white draconian (IceCv)
  6 hydras
  2 alligators
  A very ugly thing (Swamp:4)
  18 death yaks
  3 catoblepae (Lair:8)
  Erolcha (Orc:1)
  A giant amoeba (D:14)
  A hill giant (D:12)
  4 orc knights (Orc:4)
  An unseen horror (D:14)
  A griffon (Lair:8)
  5 black mambas
  10 spiny frogs
  2 komodo dragons (Lair:8)
  13 polar bears (IceCv)
  A hydra zombie (D:10)
  3 giant leeches
  23 slime creatures
  2 baby alligators (Swamp:1)
  4 bog bodies
  2 trolls
  A two-headed ogre (D:10)
  A grizzly bear (Lair:3)
  5 ugly things (Swamp:4)
  A wraith (D:12)
  37 yaks
  2 sharks (Lair:4)
  15 swamp worms
  8 hippogriffs
  2 wyverns
  A hungry ghost (D:14)
  11 wolves
  6 vampire mosquitoes
  A mottled dragon (D:12)
  3 swamp drakes (Swamp:1)
  A necrophage (D:10)
  A phantom (D:9)
  4 boring beetles
  8 ice beasts (Orc:3)
  A manticore (D:13)
  10 porcupines
  27 orc warriors
  A sky beast (D:10)
  A black bear (D:8)
  2 giant goldfish
  11 centaurs
  6 ogres
  11 crocodiles
  3 wargs
  3 giant slugs
  11 water moccasins
  A brain worm (D:14)
  8 giant frogs
  2 agate snails (Lair:8)
  3 jellyfish
  A killer bee (D:10)
  A goliath beetle (D:8)
  10 hounds
  15 orc priests
  3 big fish (Swamp:1)
  A jelly (D:14)
  3 crimson imps
  A soldier ant zombie (D:10)
  5 worker ants
  3 iguanas
  21 orc wizards
  A sheep (Lair:8)
  A mummy (D:9)
  11 adders
  23 green rats
  4 giant centipedes
  2 giant mites
  3 worms
  An adder zombie (D:8)
  A giant centipede zombie (D:14)
  An adder skeleton (D:4)
  3 giant eyeballs
  4 giant geckos
  131 orcs
  3 giant cockroaches
  13 goblins
  12 hobgoblins
  6 jackals
  10 quokkas
  7 bats
  A giant spore (D:14)
  4 kobolds
  A kobold zombie (D:6)
  10 rats
632 creatures vanquished.

Vanquished Creatures (others)
  A polar bear (IceCv)
  9 fungi
  5 plants
15 creatures vanquished.

Grand Total: 647 creatures vanquished

Notes
Turn   | Place    | Note
--------------------------------------------------------------
     0 | D:1      | 4tharraofdagon, the Spriggan Enchanter, began the quest for the Orb.
     0 | D:1      | Reached XP level 1. HP: 9/9 MP: 4/4
     0 | D:1      | 4tharraofdagon: are you serious?
     0 | D:1      | 4tharraofdagon: i didnt notice
   251 | D:3      | Bloax: well as always the servers aren't updated
   289 | D:3      | Reached XP level 2. HP: 13/13 MP: 6/6
   293 | D:3      | Learned a level 2 spell: Ensorcelled Hibernation
   326 | D:4      | Found a gateway to a ziggurat.
   328 | D:4      | Noticed an angel
   416 | D:4      | Found a white marble altar of Elyvilon.
   446 | D:4      | Noticed Edmund
   450 | D:4      | Noticed Eustachio
   509 | D:4      | Noticed Sigmund
   616 | D:5      | Entered Level 5 of the Dungeon
   616 | D:5      | Noticed an ice beast
   652 | D:5      | Reached skill level 4 in Hexes
   652 | D:5      | Reached XP level 3. HP: 12/16 MP: 0/9
   692 | D:5      | Learned a level 3 spell: Confuse
   704 | D:5      | Found a staircase to the Ecumenical Temple.
   711 | D:5      | Noticed a centaur
   714 | Temple   | Entered the Ecumenical Temple
   718 | Temple   | Became a worshipper of Ashenzari the Shackled
   739 | D:6      | Noticed a giant frog
   745 | D:6      | Killed a giant frog
   745 | D:6      | Reached XP level 4. HP: 15/21 MP: 1/12
   761 | D:6      | Noticed a centaur
   824 | D:6      | Reached XP level 5. HP: 24/24 MP: 2/15
   843 | D:6      | Noticed a phantom
   894 | D:6      | Noticed a giant frog
  1060 | D:8      | Noticed a black bear
  1090 | D:8      | Killed a black bear
  1090 | D:8      | Reached skill level 5 in Stealth
  1142 | D:8      | Reached skill level 5 in Hexes
  1142 | D:8      | Reached XP level 6. HP: 28/28 MP: 2/18
  1171 | D:7      | Found a blossoming altar of Fedhas.
  1177 | D:7      | Found Nynweaxt's Antique Armour Emporium.
  1185 | D:7      | Bought a runed robe for 18 gold pieces
  1274 | D:8      | Noticed a wyvern
  1281 | D:8      | Killed a wyvern
  1281 | D:8      | Reached skill level 5 in Short Blades
  1378 | D:8      | Noticed a hungry ghost
  1387 | D:8      | Paralysed by a giant eyeball for 4 turns
  1407 | D:9      | Reached XP level 7. HP: 32/32 MP: 15/20
  1590 | D:9      | Noticed a hippogriff
  1604 | D:9      | Killed a hippogriff
  1604 | D:9      | Reached skill level 6 in Stealth
  1630 | D:9      | Learned a level 6 spell: Invisibility
  1762 | D:9      | NOPE: dang
  1957 | D:10     | Entered Level 10 of the Dungeon
  1957 | D:10     | Noticed a yak
  1957 | D:10     | Noticed a yak
  1957 | D:10     | Noticed a yak
  1997 | D:10     | Reached skill level 7 in Stealth
  1997 | D:10     | Reached skill level 5 in Spellcasting
  1997 | D:10     | Reached XP level 8. HP: 28/36 MP: 2/23
  2002 | D:10     | Noticed a two-headed ogre
  2011 | D:10     | Killed a two-headed ogre
  2074 | D:10     | Noticed a five-headed hydra zombie
  2121 | D:10     | Noticed a yak
  2121 | D:10     | Noticed a yak
  2123 | D:10     | Noticed a yak
  2154 | D:9      | Bloax: right
  2159 | D:9      | Bloax: antpeople are in
  2166 | D:10     | NOPE: you ready to ant around bloax
  2210 | D:10     | Daniel: formicids? neat
  2274 | D:10     | Bloax: NOPE: it's time to take it easy
  2279 | D:10     | Reached skill level 8 in Hexes
  2288 | D:10     | Killed a yak
  2288 | D:10     | Reached skill level 9 in Hexes
  2375 | D:10     | Noticed a yak
  2377 | D:10     | Noticed a yak
  2377 | D:10     | Noticed a yak
  2385 | D:10     | Killed a yak
  2393 | D:10     | NOPE: gonna take it mad easy
  2397 | D:10     | Noticed a yak
  2413 | D:10     | Killed a yak
  2413 | D:10     | Reached skill level 10 in Hexes
  2422 | D:10     | Killed a yak
  2422 | D:10     | Reached XP level 9. HP: 28/39 MP: 0/25
  2520 | D:10     | dck: oh wow he hit 5
  2523 | D:10     | dck: amazing
  2570 | D:10     | Bloax: dark maul + shield
  2687 | D:10     | Bloax: time to roll
  2707 | D:10     | Killed a yak
  2707 | D:10     | Reached skill level 11 in Hexes
  2710 | D:10     | Killed a yak
  2712 | D:10     | Daniel: exex axe + large shield
  2717 | D:10     | Daniel: exec
  2721 | D:10     | dck: dark maul unhasted and without finesse
  2721 | D:10     | Killed a yak
  2725 | D:10     | dck: hm
  2864 | D:10     | Found a staircase to the Lair.
  2875 | D:10     | Bloax: but with a fuckton of str
  2886 | D:10     | Daniel: i still don't understand why finesse is banned for formicids
  2891 | D:10     | Reached skill level 12 in Hexes
  2912 | D:10     | dck: well because permastasis
  2980 | Lair:1   | Entered Level 1 of the Lair of Beasts
  2981 | Lair:1   | Bloax: does stasis block finesse
  2988 | Lair:1   | dck: yep
  2994 | Lair:1   | Daniel: yes, but it only affects your attacks
  3001 | Lair:1   | Daniel: not you
  3015 | Lair:1   | Daniel: its not logical
  3030 | Lair:1   | Noticed a spiny frog
  3036 | Lair:1   | Killed a spiny frog
  3036 | Lair:1   | Reached skill level 13 in Hexes
  3109 | Lair:1   | Daniel: even chei doesnt slow your attacks
  3111 | Lair:1   | NOPE: yo dix how was your sp ascension
  3129 | Lair:1   | Reached XP level 10. HP: 11/44 MP: 10/26
  3148 | Lair:1   | dck: pretty damn great nope m80
  3177 | Lair:1   | NOPE: dats fantastic news
  3183 | Lair:1   | dck: sliced and diced those orbs
  3197 | Lair:1   | dck: real good
  3200 | Lair:1   | NOPE: ezpz?
  3209 | Lair:2   | dck: dang if it wasn't
  3209 | Lair:2   | Reached skill level 14 in Hexes
  3222 | Lair:2   | dck: frenzied a couple of guardians
  3233 | Lair:2   | NOPE: DANG
  3254 | Lair:2   | NOPE: were they dunking on stuff
  3256 | Lair:2   | dck: one of them alone killed an offscreen oof
  3265 | Lair:2   | Bloax: well one thing is teleport and haste and all that
  3267 | Lair:2   | NOPE: I hope they dunked
  3275 | Lair:2   | Bloax: another is a god power
  3337 | Lair:3   | NOPE: BUT DOES IT BLOCK CHEIBRO SLOW
  3374 | Lair:4   | dck: nope
  3374 | Lair:4   | NOPE: it'd be like
  3394 | Lair:5   | NOPE: a stronk demigod with stasis
  3574 | Lair:6   | Acquired Ashenzari's first power
  3590 | Lair:6   | NOPE: THE JINX
  3623 | Lair:6   | Reached skill level 1 in Evocations
  3701 | Lair:7   | Found a staircase to the Slime Pits.
  3701 | Lair:7   | Found a viscous altar of Jiyva.
  3754 | Lair:7   | Reached skill level 1 in Fighting
  3801 | Lair:7   | Noticed a black mamba
  3809 | Lair:7   | Killed a black mamba
  3884 | Lair:7   | NOPE: we looking to beat some jeanjacques up in here?
  3901 | Lair:8   | Entered Level 8 of the Lair of Beasts
  3912 | Lair:8   | Noticed a six-headed hydra
  4094 | Lair:8   | dck: spit that dragon
  4103 | Lair:8   | dck: real gud
  4209 | Lair:8   | Learned a level 2 spell: Cure Poison
  4211 | Lair:8   | Noticed a catoblepas
  4216 | Lair:8   | Killed a catoblepas
  4216 | Lair:8   | Reached skill level 5 in Dodging
  4222 | Lair:8   | NOPE: choko'd
  4223 | Lair:8   | Noticed a death yak
  4227 | Lair:8   | Noticed a death yak
  4228 | Lair:8   | Noticed a death yak
  4230 | Lair:8   | Killed a death yak
  4231 | Lair:8   | Reached XP level 11. HP: 49/49 MP: 14/28
  4233 | Lair:8   | Killed a death yak
  4233 | Lair:8   | Reached skill level 10 in Stealth
  4239 | Lair:8   | Killed a death yak
  4240 | Lair:8   | Noticed a death yak
  4241 | Lair:8   | Noticed a death yak
  4247 | Lair:8   | Noticed a death yak
  4248 | Lair:8   | Killed a death yak
  4250 | Lair:8   | Killed a death yak
  4252 | Lair:8   | Killed a death yak
  4271 | Lair:8   | Noticed a death yak
  4275 | Lair:8   | Killed a death yak
  4282 | Lair:8   | NOPE: all dat delicious exp
  4362 | Lair:8   | Noticed a death yak
  4362 | Lair:8   | Noticed a catoblepas
  4371 | Lair:8   | Noticed a death yak
  4373 | Lair:8   | Killed a death yak
  4375 | Lair:8   | Killed a catoblepas
  4377 | Lair:8   | Killed a death yak
  4393 | Lair:8   | Noticed a death yak
  4393 | Lair:8   | Noticed a death yak
  4396 | Lair:8   | Killed a death yak
  4399 | Lair:8   | Killed a death yak
  4399 | Lair:8   | Reached skill level 15 in Hexes
  4402 | Lair:8   | Reached XP level 12. HP: 49/55 MP: 21/31
  4453 | Lair:8   | dck: nope
  4454 | Lair:8   | NOPE: NOPE
  4455 | Lair:8   | NOPE: HEH
  4455 | Lair:8   | 4tharraofdagon: rebrand speed?
  4455 | Lair:8   | dck: roll the dice mang
  4456 | Lair:8   | fu
  4460 | Lair:8   | NOPE: loller
  4482 | Lair:8   | Gained mutation: Your magical capacity is low (-10% MP). [mutagenic glow]
  4602 | Lair:8   | Noticed a catoblepas
  4735 | Lair:8   | Killed a catoblepas
  4807 | Lair:8   | Noticed a death yak
  4807 | Lair:8   | Noticed a death yak
  4808 | Lair:8   | Noticed a death yak
  4889 | Lair:8   | Noticed a death yak
  4892 | Lair:8   | Killed a death yak
  4906 | Lair:8   | Killed a death yak
  4912 | Lair:8   | Killed a death yak
  4917 | Lair:8   | NOPE: dem stab heals
  4933 | Lair:8   | Killed a death yak
  4944 | Lair:8   | dck: rolled the hard six m8
  5018 | Lair:8   | NOPE: my boss hasn't talked at all to me today
  5021 | Lair:8   | NOPE: gad
  5063 | Lair:8   | Noticed a griffon
  5066 | Lair:8   | Noticed a black mamba
  5097 | Lair:8   | Killed a black mamba
  5097 | Lair:8   | Reached skill level 10 in Short Blades
  5129 | Lair:8   | Killed a griffon
  5195 | Lair:8   | Killed a six-headed hydra
  5374 | Lair:7   | Noticed a black mamba
  5381 | Lair:7   | Killed a black mamba
  5602 | Lair:6   | Noticed Zuul's ghost (powerful DsIE)
  6056 | Lair:2   | Acquired Ashenzari's second power
  6094 | Lair:2   | Learned a level 3 spell: Mephitic Cloud
  6128 | Lair:2   | JacquesDerrida: GUYS!
  6131 | Lair:2   | JacquesDerrida: guys
  6143 | Lair:2   | JacquesDerrida: formicis are in
  6152 | Lair:2   | JacquesDerrida: woohoo
  6162 | Lair:1   | JacquesDerrida: formicids*
  6191 | Lair:1   | JacquesDerrida: bet everyone knows already
  6232 | Lair:1   | 4tharraofdagon: enjoy encountering hasted cerebov
  6255 | D:10     | JacquesDerrida: true that
  6419 | D:14     | dck: huh
  6435 | D:14     | dck: I think right now fo can use swiftness
  6451 | D:14     | dck: that's kinda stupid
  6488 | D:14     | JacquesDerrida: why
  6519 | D:14     | JacquesDerrida: stasis preents body manipulations
  6527 | D:14     | JacquesDerrida: prevents
  6555 | D:14     | JacquesDerrida: swiftness is basically wind's help
  6606 | D:14     | dck: yeah I know the flavor is different
  6610 | D:14     | Reached XP level 13. HP: 54/60 MP: 11/28
  6618 | D:14     | JacquesDerrida: or something among these these lines
  6640 | D:14     | dck: but it still makes the guys able to move faster than normal
  6693 | D:13     | JacquesDerrida: yeah, but still
  6717 | D:13     | NOPE: THE BREEZE ON YOUR THORAX THOUGH DICKS M8
  6723 | D:13     | JacquesDerrida: it is such a drawback
  6732 | D:13     | NOPE: GOTTA CRAWL FAST
  6798 | D:13     | Noticed Impy's ghost (powerful DsGl)
  7004 | D:12     | Found a portal to a secret trove of treasure.
  7016 | D:12     | Found a gateway to a ziggurat.
  7016 | D:12     | Noticed an angel
  7017 | D:12     | 4tharraofdagon: 2ziggurats
  7017 | D:12     | NOPE: dang
  7017 | D:12     | 4tharraofdagon: why it never spawns when you are fe
  7315 | D:10     | Killed a yak
  7321 | D:10     | Killed a yak
  7327 | D:10     | Killed a yak
  7340 | D:10     | Learned a level 2 spell: Sure Blade
  7349 | D:10     | Killed a five-headed hydra zombie
  7420 | D:8      | Noticed an ice beast
  7457 | D:8      | Noticed an orc warrior
  7463 | D:8      | Killed an orc warrior
  7544 | D:8      | Reached skill level 15 in Stealth
  7563 | D:8      | dck: woo
  7565 | D:8      | dck: lemons
  7629 | D:6      | Noticed an orc warrior
  7635 | D:6      | Killed an orc warrior
  7648 | D:6      | NOPE: a steak for spriggans
  7678 | D:6      | Paralysed by a giant eyeball for 2 turns
  7989 | D:10     | Found a staircase to the Orcish Mines.
  8001 | Orc:1    | Entered Level 1 of the Orcish Mines
  8005 | Orc:1    | Acquired Ashenzari's third power
  8068 | Orc:3    | Found a frozen archway.
  8206 | IceCv    | Entered an ice cave
  8218 | IceCv    | Bloax: dis gon be gud
  8315 | IceCv    | Gained mutation: You possess an exceptional clarity of mind. [potion of beneficial mutation]
  8342 | IceCv    | Noticed a white draconian
  8590 | IceCv    | Killed a white draconian
  8590 | IceCv    | Reached skill level 5 in Fighting
  8600 | IceCv    | Identified the cursed -1,-1 great mace "Kigiug" {flame, rF+ Stlth+}
  9020 | Orc:3    | Reached skill level 10 in Dodging
  9086 | Orc:3    | Found a roughly hewn altar of Beogh.
  9372 | Orc:1    | Reached skill level 16 in Stealth
  9476 | Orc:1    | Vidiiot: i dunno
  9589 | Orc:4    | Entered Level 4 of the Orcish Mines
  9592 | Orc:3    | :(
  9604 | Orc:3    | NOPE: vid doesn't even know
  9699 | Orc:4    | Noticed an orc warlord
  9741 | Orc:4    | Killed an orc warlord
  9756 | Orc:4    | Found a staircase to the Elven Halls.
  9953 | Orc:4    | Yermak: the best orc ending
  9956 | Orc:4    | Yermak: for stabbers with invis
  9982 | Orc:4    | Found Xekk's Assorted Antiques.
  9982 | Orc:4    | Found Jaren's Book Emporium.
  9992 | Orc:4    | Yermak: stupid
 10020 | Orc:4    | Daniel: what was that? nothing? i better shout
 10067 | Orc:4    | Found a glowing silver altar of Zin.
 10170 | Orc:4    | Found Rotuonauxu's Jewellery Shop.
 10172 | Orc:4    | Found Schuizurph's Food Shoppe.
 10236 | Orc:4    | Reached skill level 10 in Spellcasting
 10255 | Orc:4    | Bought an uncursed ring of regeneration for 420 gold pieces
 10255 | Orc:4    | Bought an uncursed ring of protection from fire for 350 gold pieces
 10255 | Orc:4    | Bought an uncursed ring of poison resistance for 280 gold pieces
 10255 | Orc:4    | Bought an uncursed ring of ice for 280 gold pieces
 10258 | Orc:4    | Bought a potion of might for 80 gold pieces
 10258 | Orc:4    | Bought a murky brown potion for 28 gold pieces
 10262 | Orc:4    | Bought a bread ration for 44 gold pieces
 10262 | Orc:4    | Bought a bread ration for 44 gold pieces
 10267 | Orc:4    | Yermak: manual of hexes!
 10276 | Orc:4    | NOPE: YO YERMAK
 10276 | Orc:4    | 4tharraofdagon: yo
 10276 | Orc:4    | Yermak: NOPE
 10479 | Orc:1    | Noticed Erolcha
 10489 | Orc:1    | Killed Erolcha
 10489 | Orc:1    | Reached XP level 14. HP: 59/65 MP: 27/30
 10603 | Lair:1   | Vidiiot: NOPe did you see what I did to the hellfire crossboW? :)
 10638 | Lair:2   | 4tharraofdagon: yermak what would you suggest
 10638 | Lair:2   | Vidiiot: 27 Bows
 10638 | Lair:2   | 4tharraofdagon: where is he
 10638 | Lair:2   | Reached skill level 17 in Stealth
 10638 | Lair:2   | Reached XP level 15. HP: 55/70 MP: 31/31
 10657 | Lair:3   | NOPE: wot did you do vid
 10657 | Lair:3   | 4tharraofdagon: why
 10657 | Lair:3   | Vidiiot: I threw it into deepwater
 10657 | Lair:3   | Vidiiot: ANd posted a screenshot onto 4chan :D
 10687 | Lair:4   | Noticed a black mamba
 10688 | Lair:4   | Noticed a death yak
 10690 | Lair:4   | Noticed a death yak
 10699 | Lair:4   | Noticed a death yak
 10703 | Lair:4   | Killed a death yak
 10706 | Lair:4   | Killed a black mamba
 10711 | Lair:4   | Killed a death yak
 10717 | Lair:4   | NOPE: DAAAAAAAAANG
 10721 | Lair:4   | Killed a death yak
 10735 | Lair:4   | NOPE: you got em gud
 10779 | Lair:4   | Found a staircase to the Swamp.
 10801 | Swamp:1  | Entered Level 1 of the Swamp
 11035 | Swamp:1  | Bloax: ncb8m8
 11057 | Swamp:1  | Vidiiot: ye
 11185 | Swamp:2  | Learned a level 5 spell: Silence
 11215 | Swamp:2  | Reached skill level 1 in Charms
 11266 | Swamp:3  | Acquired Ashenzari's fourth power
 11589 | Swamp:3  | Learned a level 6 spell: Haste
 11590 | Swamp:4  | Noticed Norris
 11693 | Swamp:4  | Noticed Roxanne
 11812 | Swamp:4  | Reached skill level 5 in Charms
 11924 | Swamp:5  | Entered Level 5 of the Swamp
 11924 | Swamp:5  | Noticed Agnes
 11928 | Swamp:5  | omfg
 11975 | Swamp:5  | NOPE: WE OPENING PILLOWCASES UP IN HERE
 11985 | Swamp:5  | dck: DANG WE STILL GOING
 11994 | Swamp:5  | NOPE: YO WB DIX
 12004 | Swamp:5  | dck: THE NOPE
 12011 | Swamp:5  | NOPE: almost time to head back home dicks
 12013 | Swamp:5  | NOPE: so excite
 12026 | Swamp:5  | Noticed Mara
 12027 | Swamp:5  | fu
 12033 | Swamp:5  | Noticed Mara
 12035 | Swamp:5  | dck: slice dat demon
 12045 | Swamp:5  | Bloax: such red
 12045 | Swamp:5  | Bloax: much scare
 12045 | Swamp:5  | dck: who could it
 12045 | Swamp:5  | dck: possible be
 12045 | Swamp:5  | NOPE: PROBABLY MARA
 12045 | Swamp:5  | Bloax: Norris!
 12060 | Swamp:5  | Bloax: the hog goes fuggen OINK
 12066 | Swamp:5  | dck: shiet
 12071 | Swamp:5  | Noticed Kirke
 12074 | Swamp:5  | Annihilated by an enormous slime creature

Action                   |  1- 3 |  4- 6 |  7- 9 | 10-12 | 13-15 || total
-------------------------+-------+-------+-------+-------+-------++-------
Melee: Dagger            |    94 |    79 |    97 |   338 |   925 ||  1533
Throw: Dart              |       |       |       |     1 |       ||     1
 Cast: Corona            |     6 |     1 |       |       |       ||     7
       Ensorcelled Hiber |     5 |    18 |    84 |   122 |   218 ||   447
       Confuse           |       |     1 |    15 |    24 |    34 ||    74
       Invisibility      |       |       |       |     4 |    12 ||    16
       Mephitic Cloud    |       |       |       |       |     1 ||     1
 Abil: Evoke Teleport Co |       |       |       |       |     1 ||     1
Evoke: Wand              |       |       |    21 |    15 |       ||    36
  Use: Scroll            |     2 |     1 |    13 |    11 |    12 ||    39
       Potion            |       |     3 |     1 |     1 |     9 ||    14
 Stab: Sleeping          |     7 |    11 |    42 |   119 |   211 ||   390
       Confused          |       |     1 |     2 |    14 |    11 ||    28
       Distracted        |       |     1 |       |       |     2 ||     3
       Invisible         |       |       |       |    13 |    79 ||    92
